Map: Year Zero LE

Players

TIME (Oliveira)

  • Race: Terran Terran
  • Spawn Location: 11:00

Astrea - Winner!

  • Race: Protoss Protoss
  • League: Master
  • Spawn Location: 1:00

Event: 2019 WCS Winter Americas

VOD

Have the link to the VOD?

Description

Time

  • Played on: Feb. 17, 2019, 4:12 p.m.
  • Length: 23:49

All games in this series

Show
View Real Time Build Order
Export as new Build Order

TIME Terran 

Build Orders: Reaper Expand 

Get SALT Encoding   

  12  0:01  SCV  
  13  0:13  SCV  
  14  0:18  Supply Depot  
  14  0:25  SCV  
  15  0:39  SCV  
  15  0:41  Barracks  
  16  0:46  Refinery  
  16  0:52  SCV  
  17  1:04  SCV  
  18  1:16  SCV  
  19  1:28  Reaper  
  19  1:29  Orbital Command  
  20  1:47  Command Center  
  20  1:54  Supply Depot  
  20  1:55  SCV  
  20  2:00  Marine  
  22  2:09  SCV  
  22  2:10  Factory  
  22  2:15  Refinery  
  23  2:21  SCV  
  23  2:22  Barracks Reactor  
  24  2:33  SCV  
  25  2:45  SCV  
  26  2:54  Widow Mine  
  26  2:55  Starport  
  26  2:57  SCV  
  29  3:00  Orbital Command, Marine x2  
  31  3:06  Orbital Command  
  31  3:09  SCV  
  31  3:10  Barracks  
  31  3:20  Factory Tech Lab  
  31  3:21  Marine x2  
  31  3:22  SCV  
  34  3:31  SCV  
  34  3:34  SCV  
  36  3:39  Marine x2  
  38  3:43  SCV  
  38  3:44  Factory Tech Lab  
  38  3:45  Raven, Refinery  
  38  3:46  SCV, Supply Depot  
  42  3:56  SCV, Marine  
  42  3:57  Marine  
  42  3:58  SCV  
  46  4:08  SCV  
  47  4:11  Barracks  
  47  4:14  Stimpack, Marine x3  
  50  4:17  Supply Depot  
  50  4:19  SCV  
  50  4:20  SCV  
  52  4:25  Engineering Bay  
  52  4:31  SCV  
  53  4:32  SCV, Factory Reactor  
  53  4:35  Supply Depot  
  54  4:39  Marine x2  
  54  4:40  Starport Reactor, Marine  
  54  4:45  SCV x2  
  59  4:51  Terran Infantry Weapons Level 1  
  59  4:57  SCV x2, Marauder, Marine  
  59  4:58  Marine  
  63  5:09  SCV, Supply Depot  
  63  5:10  Widow Mine x2  
  63  5:12  Combat Shield  
  68  5:14  Supply Depot, Marine  
  68  5:15  Marine  
  70  5:31  SCV x2, Medivac x2, Marauder  
  78  5:36  Widow Mine x2  
  78  5:37  Supply Depot  
  78  5:38  Marine x2  
  78  5:39  Missile Turret  
  84  5:44  SCV  
  84  5:45  SCV  
  84  5:52  Missile Turret  
  84  6:00  Medivac x2, Supply Depot  
  84  6:01  Widow Mine x2, Marine x2  
  93  6:04  SCV  
  85  6:12  SCV  
  85  6:16  SCV  
  85  6:26  Marine  
  85  6:27  Marauder  
  85  6:30  Medivac, Command Center  
  90  6:33  Refinery  
  90  6:35  SCV x2  
  90  6:36  Marine  
  90  6:37  Marauder  
  90  6:39  Factory Tech Lab  
  95  6:44  Marine  
  96  6:47  SCV  
  96  6:48  Marauder  
  59  6:54  Medivac, Marine  
  95  6:55  SCV  
  95  6:58  Marauder  
  95  7:02  Marine  
  95  7:06  Terran Infantry Armor Level 1  
  95  7:07  SCV, Barracks  
  97  7:09  Barracks, Marine  
  97  7:13  Siege Tank  
  99  7:19  Marauder  
  99  7:21  SCV  
  95  7:26  Marine x2  
  95  7:28  Marauder  
  95  7:29  Viking  
  98  7:30  Viking  
  98  7:33  SCV  
  98  7:40  Marine  
  90  7:45  Concussive Shells  
  90  7:46  Siege Tank, Marine x2  
  90  7:49  Marauder  
  90  7:53  Orbital Command  
  90  7:55  SCV  
  90  7:56  SCV  
  91  7:59  Marauder  
  91  8:00  Barracks Tech Lab  
  91  8:01  Viking  
  91  8:02  Viking  
  96  8:07  SCV, Marine  
  96  8:10  Marauder, Marine  
  96  8:11  Marine  
  96  8:12  Marine  
  103  8:15  SCV  
  103  8:19  SCV  
  105  8:20  Supply Depot  
  105  8:22  SCV  
  104  8:27  SCV  
  104  8:28  Marauder x2  
  104  8:29  Marine  
  104  8:31  SCV  
  104  8:32  Marine x3  
  114  8:34  SCV  
  114  8:38  Siege Tank  
  114  8:40  Supply Depot  
  116  8:41  Viking  
  116  8:43  Supply Depot  
  116  8:46  Marauder  
  116  8:48  Viking  
  122  8:49  SCV x2  
  122  8:53  Armory  
  122  8:55  Engineering Bay  
  124  8:57  Refinery  
  124  8:58  Refinery  
  124  9:02  Marauder x2  
  128  9:03  Supply Depot  
  128  9:04  Marine  
  128  9:06  SCV, Supply Depot  
  129  9:12  Liberator x2  
  129  9:13  Marine x2  
  129  9:14  Marauder, Marine  
  134  9:17  Siege Tank  
  134  9:23  Marauder  
  139  9:24  Marine  
  139  9:25  Marauder  
  148  9:31  Marine  
  148  9:35  Marauder  
  148  9:36  Marine  
  148  9:37  Marine  
  153  9:42  Marine  
  153  9:43  Terran Infantry Weapons Level 2  
  153  9:44  Marauder  
  156  9:48  Supply Depot x2  
  154  9:55  Marine  
  154  9:56  Marauder  
  157  10:05  Liberator  
  157  10:06  Terran Infantry Armor Level 2  
  157  10:08  Marine  
  157  10:09  Siege Tank, Marine x2  
  157  10:10  Marauder  
  157  10:16  Liberator  
  157  10:18  Marine x2  
  157  10:19  Marauder  
  134  10:31  Marine  
  134  10:32  Marauder  
  134  10:34  SCV  
  130  10:39  Terran Vehicle Weapons Level 1  
  130  10:41  Marauder, Marine x2  
  132  10:43  Marine  
  132  10:48  Command Center  
  133  10:51  Marine  
  133  10:53  Siege Tank, Marine  
  138  10:57  Factory  
  138  10:59  Factory  
  138  11:04  Bunker  
  138  11:06  Marauder x2  
  138  11:08  Medivac  
  144  11:13  SCV  
  144  11:15  Marauder  
  144  11:16  Medivac  
  144  11:17  Sensor Tower  
  149  11:21  SCV  
  149  11:23  Marine  
  149  11:24  Marine x2  
  150  11:29  Siege Tank, Marine  
  150  11:30  Marauder  
  155  11:33  SCV x2  
  155  11:38  Marine x2  
  155  11:39  Medivac  
  161  11:42  Factory Tech Lab, Supply Depot  
  161  11:43  Supply Depot  
  161  11:44  Factory Tech Lab  
  161  11:46  Marine x2  
  163  11:51  Marauder  
  165  11:59  Marine  
  165  12:00  Marauder  
  168  12:03  Planetary Fortress  
  168  12:07  Supply Depot  
  168  12:12  Siege Tank x2  
  168  12:13  Siege Tank  
  168  12:14  SCV  
  173  12:17  Supply Depot  
  173  12:22  Marine  
  176  12:23  Marauder  
  176  12:26  Sensor Tower  
  176  12:34  Marauder x2, Marine x2  
  179  12:44  Siege Tank  
  160  12:45  Terran Infantry Weapons Level 3  
  160  12:52  Command Center, Refinery  
  160  12:53  Refinery  
  160  12:55  Marauder, Marine x2  
  164  13:02  Marauder, Marine x2  
  168  13:09  Missile Turret  
  168  13:11  Missile Turret  
  167  13:14  Marauder, Marine  
  167  13:18  Siege Tank x2  
  174  13:24  Terran Vehicle Weapons Level 2  
  177  13:28  Medivac x2  
  177  13:29  Marine  
  177  13:30  Marauder  
  177  13:32  Marine x2  
  182  13:42  Marauder, Marine  
  182  13:47  Siege Tank  
  175  13:58  Marauder, Marine x2  
  175  14:01  Siege Tank  
  175  14:02  Marauder, Marine x2  
  162  14:03  Siege Tank  
  162  14:06  Medivac x2  
  169  14:10  Marine  
  149  14:19  Marine  
  149  14:20  Marauder  
  149  14:21  Siege Tank, Marine x2  
  155  14:24  Marauder  
  155  14:28  Ghost Academy, Marine x2  
  154  14:37  Marine  
  149  14:42  Marine x2  
  152  14:46  Siege Tank  
  152  14:47  Marine  
  149  14:57  Siege Tank x2  
  153  15:00  Sensor Tower  
  153  15:01  Ghost x3  
  153  15:02  Marine x2  
  155  15:08  SCV  
  156  15:16  SCV  
  156  15:19  Siege Tank  
  159  15:21  Marine x3  
  159  15:22  Marine  
  159  15:28  SCV  
  163  15:29  Hellion, Siege Tank  
  163  15:30  Marauder x2  
  163  15:32  Planetary Fortress  
  163  15:33  SCV, Missile Turret  
  163  15:35  Marine  
  174  15:39  Liberator, Marine  
  174  15:40  Liberator  
  163  15:52  Siege Tank, Marine x3  
  163  15:53  Marauder x3  
  174  15:57  Marine  
  174  16:02  Terran Vehicle Weapons Level 3  
  178  16:06  Siege Tank  
  178  16:10  Marine x2  
  183  16:16  Siege Tank  
  185  16:18  Marine x2  
  185  16:19  Marauder  
  185  16:20  Marine  
  185  16:21  Marauder  
  192  16:32  Terran Infantry Armor Level 3  
  188  16:33  Marine x2  
  188  16:39  Marauder, Marine  
  187  16:43  Siege Tank  
  187  16:45  Marine x2  
  187  16:46  Marauder, Siege Tank  
  181  16:51  Marine x2  
  182  16:57  Marine  
  182  17:00  Marauder  
  185  17:02  Hellbat  
  185  17:03  Marine x2  
  185  17:04  SCV x2  
  185  17:05  SCV  
  185  17:07  Marauder  
  191  17:08  Marine  
  191  17:10  SCV  
  188  17:17  Marine  
  188  17:21  Marauder  
  177  17:23  Siege Tank  
  177  17:25  Medivac  
  177  17:27  Marauder, Marine  
  167  17:35  Marine  
  168  17:41  Siege Tank x2  
  174  17:45  Marine  
  174  17:46  Marauder, Command Center  
  177  17:55  Siege Tank  
  179  17:59  Viking  
  179  18:00  Viking  
  178  18:12  Starport, Marine x2  
  180  18:13  Marauder  
  180  18:19  Marauder, Marine  
  180  18:22  Marine  
  180  18:23  Marauder  
  170  18:29  Viking, Siege Tank  
  170  18:30  Marine  
  170  18:31  Marine  
  180  18:34  Marauder  
  180  18:37  Marine  
  181  18:48  Viking  
  179  18:49  Starport Reactor  
  179  18:50  Marine  
  179  18:51  Command Center  
  182  18:57  Ghost x3  
  182  18:58  Marine  
  182  18:59  Marine  
  182  19:03  Marine  
  182  19:08  Marine  
  182  19:09  Viking  
  186  19:16  Marine  
  170  19:25  Viking  
  170  19:26  Viking  
  170  19:28  Marine  
  170  19:29  Marine x3  
  170  19:31  Marauder x2  
  182  19:38  Marine  
  182  19:43  SCV  
  183  19:46  Marine x2  
  183  19:47  Viking, Marauder, Marine  
  183  19:50  Terran Ship Weapons Level 1, Viking  
  183  19:52  Marauder x2  
  191  19:53  SCV  
  191  19:55  Viking  
  191  19:56  Viking, Marine  
  196  20:04  Marine  
  197  20:09  Marauder  
  199  20:15  Orbital Command  
  199  20:16  Planetary Fortress  
  199  20:21  Barracks x2  
  199  20:23  Barracks  
  196  20:40  Viking x2, Ghost x2  
  187  20:45  Viking  
  187  20:46  Marine x2  
  187  20:48  Viking  
  187  20:49  Marine  
  166  20:53  Marine x2  
  137  21:03  Thor  
  131  21:04  Marine x2  
  131  21:06  Marine  
  131  21:07  Marine x2  
  131  21:09  Marine x2  
  131  21:10  Marine x2  
  140  21:12  Marine  
  132  21:19  Viking  
  132  21:22  Marine x2  
  132  21:24  Marine  
  132  21:25  Viking, Marine x2  
  131  21:27  Marine x2  
  131  21:28  Marine x2  
  131  21:30  Marine  
  131  21:31  Viking  
  136  21:37  Viking  
  136  21:39  Marine  
  137  21:40  Marine  
  137  21:42  Marine  
  137  21:43  Marine  
  137  21:44  Marine  
  137  21:45  Marine x3  
  137  21:46  Marine  
  144  21:48  Marine  
  145  21:57  Marine x2  
  145  22:00  Marine  
  145  22:01  Marine  
  133  22:02  Ghost, Marine  
  133  22:03  Viking  
  133  22:07  Viking  
  126  22:13  Marine x2  
  128  22:18  Viking  
  128  22:20  Marine  
  131  22:27  Viking  
  134  22:39  Orbital Command  
  133  22:55  Marine  
  133  23:11  Missile Turret  
  133  23:12  Marine x2  
  133  23:15  Marine x2  
  133  23:17  Marine  
  138  23:22  Marine  
  138  23:24  Marine  
  138  23:25  Marine  
  141  23:27  Marine  
  141  23:30  Marine  
  141  23:31  Marine  
Show
View Real Time Build Order
Export as new Build Order

Astrea Protoss - Winner!

Build Orders: 1 Gate Expand, Phoenix Opening, Carriers, Colossus Rush 

Get SALT Encoding   

  12  0:00  Probe  
  13  0:12  Probe  
  14  0:17  Pylon  
  14  0:23  Probe  
  15  0:32  Probe  
  15  0:37  Gateway  
  15  0:40  Probe  
  16  0:47  Assimilator  
  17  0:51  Probe  
  18  1:03  Probe  
  19  1:15  Probe  
  20  1:24  Nexus  
  20  1:33  Cybernetics Core  
  20  1:37  Probe  
  21  1:43  Assimilator  
  21  1:49  Probe  
  21  1:52  Pylon  
  22  2:00  Adept  
  22  2:01  Probe  
  23  2:09  Probe  
  23  2:11  Warp Gate  
  26  2:17  Probe  
  27  2:23  Forge  
  27  2:27  Probe  
  28  2:31  Sentry  
  28  2:33  Probe  
  31  2:39  Probe  
  31  2:42  Probe  
  32  2:45  Protoss Ground Weapons Level 1  
  33  2:52  Probe  
  33  2:53  Probe  
  35  2:59  Stalker  
  35  3:04  Phoenix, Probe  
  35  3:05  Probe  
  39  3:10  Robotics Facility  
  39  3:19  Probe  
  40  3:20  Gateway  
  40  3:25  Probe  
  41  3:29  Sentry  
  41  3:31  Probe  
  41  3:33  Pylon  
  44  3:38  Pylon  
  44  3:39  Probe  
  45  3:47  Probe  
  45  3:48  Warp Prism  
  46  3:52  Probe  
  47  3:56  Assimilator x2  
  49  4:03  Probe  
  49  4:06  Adept  
  52  4:12  Phoenix, Probe  
  52  4:16  Stalker  
  55  4:17  Probe  
  55  4:20  Pylon  
  55  4:23  Observer  
  57  4:24  Robotics Bay  
  57  4:28  Probe  
  57  4:30  Probe  
  59  4:32  Twilight Council  
  59  4:35  Pylon  
  59  4:41  Probe  
  59  4:42  Protoss Ground Armor Level 1  
  60  4:47  Observer, Gateway  
  60  4:50  Probe, Gateway  
  62  4:53  Probe  
  63  5:02  Disruptor  
  63  5:05  Probe  
  64  5:13  Blink  
  67  5:24  Photon Cannon  
  67  5:25  Colossus, Photon Cannon  
  67  5:39  Stalker x2  
  67  5:42  Pylon  
  77  5:44  Pylon  
  77  5:52  Extended Thermal Lance  
  77  6:03  Pylon  
  77  6:11  Observer  
  77  6:15  Stalker  
  77  6:16  Stalker x3  
  83  6:21  Colossus  
  81  6:28  Nexus  
  81  6:30  Nexus  
  81  6:32  Protoss Ground Weapons Level 2  
  83  6:56  Zealot x2  
  83  6:57  Zealot x2  
  91  7:06  Pylon x2  
  91  7:07  Probe x2  
  90  7:21  Colossus  
  78  7:34  Stalker x3  
  78  7:35  Stalker  
  79  7:38  Probe  
  79  7:44  Observer  
  72  7:45  Probe  
  72  7:47  Probe  
  72  7:48  Probe  
  72  7:53  Probe  
  72  7:55  Probe  
  74  7:59  Gateway x2  
  74  8:00  Charge, Probe  
  74  8:02  Stalker x2, Sentry x2  
  84  8:15  Disruptor  
  86  8:28  Stalker x2, Zealot x2  
  86  8:32  Pylon  
  94  8:35  Protoss Ground Weapons Level 3  
  94  8:39  Probe x2  
  96  8:46  Probe, Gateway  
  96  8:47  Gateway  
  96  8:48  Pylon  
  97  8:50  Zealot x2  
  97  8:51  Probe, Disruptor  
  105  9:15  Zealot x3, Disruptor  
  105  9:16  Zealot x2  
  115  9:19  Pylon  
  115  9:20  Zealot  
  117  9:25  Probe x3  
  123  9:34  Nexus  
  123  9:44  Zealot x4  
  131  9:51  Zealot x3  
  137  10:01  Stalker  
  137  10:05  Stalker x3  
  137  10:06  Stalker  
  137  10:15  Zealot x3  
  109  10:24  Zealot  
  93  10:33  Disruptor  
  94  10:36  Probe x3  
  94  10:39  Templar Archives  
  97  10:48  Stalker, Sentry x2, Probe x3  
  97  10:49  Stalker x4  
  114  10:51  Zealot  
  114  10:55  Probe  
  117  10:57  Protoss Ground Armor Level 2  
  117  11:00  Probe x2  
  119  11:08  Pylon  
  121  11:15  Stalker x3  
  125  11:25  Warp Prism  
  125  11:31  Zealot  
  125  11:32  Zealot x4  
  135  11:35  Gateway  
  135  11:37  Gateway  
  137  11:40  Stargate, Protoss Air Weapons Level 1  
  137  11:50  Photon Cannon  
  137  11:52  Zealot x4  
  137  11:53  Zealot, Pylon  
  147  11:59  Observer  
  148  12:15  Stalker x6  
  160  12:16  Zealot x2  
  160  12:19  Assimilator  
  160  12:20  Assimilator  
  158  12:46  Disruptor  
  158  12:49  Zealot x3  
  158  12:50  Zealot x5  
  172  12:55  Pylon  
  172  12:57  Pylon  
  172  12:58  Nexus  
  172  12:59  Pylon  
  172  13:01  Pylon  
  172  13:03  Pylon  
  172  13:10  Disruptor  
  172  13:11  Pylon  
  172  13:13  Pylon  
  164  13:25  Fleet Beacon  
  163  13:27  Stargate  
  163  13:35  Stargate, Assimilator  
  163  13:36  Stargate, Assimilator  
  163  13:40  Disruptor  
  163  13:45  Gateway  
  163  13:48  Gateway  
  166  13:52  Gateway  
  141  14:03  Zealot x4  
  141  14:04  Zealot x6  
  136  14:25  Stalker x3  
  136  14:26  Stalker x3  
  136  14:27  Probe  
  136  14:28  Probe x3  
  150  14:35  High Templar x4  
  154  14:41  Archon x2  
  154  14:43  Probe x3  
  157  14:56  Probe x4  
  157  14:59  Tempest  
  159  15:05  Probe  
  165  15:08  Probe x3  
  165  15:09  Photon Cannon  
  165  15:12  Disruptor  
  171  15:15  Dark Shrine  
  169  15:28  Stalker x7  
  169  15:34  Assimilator  
  179  15:35  Assimilator  
  173  15:56  Protoss Shields Level 1, Protoss Air Weapons Level 2  
  176  15:59  Observer  
  174  16:06  Gravitic Boosters  
  172  16:20  Zealot x7  
  172  16:21  Zealot x6  
  195  16:31  Tempest  
  198  16:34  Disruptor  
  196  16:46  Zealot x4  
  197  16:55  Dark Templar  
  160  17:16  Zealot x11  
  160  17:17  Zealot  
  160  17:18  Disruptor  
  168  17:24  Carrier x2  
  160  17:34  Carrier  
  178  17:42  Carrier  
  182  18:04  Observer  
  174  18:05  Stalker x2  
  174  18:06  Stalker  
  174  18:08  Stalker  
  174  18:24  Disruptor  
  174  18:28  Carrier  
  174  18:31  Carrier  
  180  18:35  High Templar x2  
  190  18:47  Protoss Air Weapons Level 3  
  190  18:48  Carrier  
  187  18:52  Archon  
  185  19:14  Nexus  
  185  19:19  Carrier  
  163  19:26  Observer  
  165  19:35  Observer  
  165  19:52  Observer, Carrier  
  171  19:54  Observer  
  171  20:22  Zealot x2, High Templar x2  
  179  20:33  Nexus  
  179  20:39  Disruptor  
  160  20:51  Archon  
  160  20:53  Zealot x4  
  140  21:06  Zealot x2, High Templar x2  
  140  21:10  Archon  
  148  21:16  Observer  
  148  21:18  Observer  
  148  21:30  High Templar  
  148  21:31  Zealot x2, High Templar x3  
  158  21:34  Archon  
  158  21:35  Archon  
  158  21:45  Zealot x4  
  160  21:50  Probe x3  
  163  22:01  High Templar x2  
  167  22:11  Pylon  
  167  22:14  Observer  
  167  22:15  Observer  
  167  22:16  Archon  
  167  22:24  Dark Templar x2  
  167  22:25  Dark Templar x3  
  167  22:26  Zealot  
  179  22:30  Psionic Storm, Archon x2  
  179  22:35  Warp Prism  
  179  22:38  Probe x5  
  185  22:55  High Templar x2  
  187  22:58  Assimilator  
  187  23:00  Assimilator, Pylon  
  187  23:02  Observer  
  187  23:09  High Templar  
  187  23:10  Disruptor  
Tags
 
Add a new tag
Caveats
  • Supply blocks, unpowered buildings, or Contaminate may cause inaccurate times.
  • Supply counts are checked every 10 seconds.